AoeStats
← murcielagoschack

Golden Pit

510074328Analyzed
1v1 RM · 2d ago on Sep 29, 2026· 36m 43s· 2 players
Game mode
Random Map
Map size
Tiny (2 player)
Population
200
Speed
Normal
Resources
Standard
Victory
Conquest
Starting age
Dark Age
Ending age
Imperial Age
RankedLock teamsTeams togetherTeam positionsShared explorationLock speedFull tech treeHidden civsTurbo modeCheats
Victory
Defeat
🇩🇪 Chinese · Germany
593
+15
🇭🇰 Gurjaras · Hong Kong SAR China
576
-15
貓貓神槍手
10:23 Feudal Age
11:47 Double-Bit Axe
13:19 Horse Collar
21:52 Castle Age
21:38 Bloodlines
22:40 Husbandry
28:25 Stone Mining
32:17 Wheelbarrow
murcielagoschack
1:00 Loom
11:18 Feudal Age
12:07 Town Watch
15:59 Double-Bit Axe
23:37 Castle Age
22:07 Fletching
22:26 Man-at-Arms
24:36 Pikeman
26:18 Gold Mining
27:34 Squires
27:57 Bodkin Arrow
36:59 Imperial Age
36:10 Scale Mail Armor
Connection lost

Rejoining the realm…

Still unreachable

The connection could not be restored.

Session expired

The server has moved on; the page needs a fresh start.